 Dungeon Crawl Stone Soup version 0.23-a0-375-g66a18ee (console) character file.

169 Voker57 the Slasher (level 5, -7/41 HPs)
             Began as a Demonspawn Gladiator on Oct 26, 2018.
             Killed by nerve-wracking pain
             ... invoked by Grinder
              (11 damage)
             ... on level 3 of the Dungeon.
             The game lasted 00:03:40 (1803 turns).

Voker57 the Slasher (Demonspawn Gladiator)          Turns: 1803, Time: 00:03:43

Health: -7/41      AC:  5    Str: 14    XL:     5   Next: 25%
Magic:  5/5        EV: 15    Int: 10    God:
Gold:   171        SH:  0    Dex: 15    Spells: 4/4 levels left

rFire    . . .     SeeInvis .   a - +0 long sword
rCold    . . .     Gourm    .   (no shield)
rNeg     . . .     Faith    .   b - +0 leather armour
rPois    .         Spirit   .   c - +0 helmet
rElec    .         Reflect  .   (no cloak)
rCorr    .         Harm     .   (no gloves)
MR       .....                  k - +0 pair of boots (curse)
Stlth    +.........             (no amulet)
HPRegen  0.13/turn              (no ring)
MPRegen  0.09/turn              (no ring)

@: no status effects
A: repulsion field 1
a: no special abilities


You were on level 3 of the Dungeon.
You were not hungry.

You visited 1 branch of the dungeon, and saw 3 of its levels.

You collected 171 gold pieces.

Inventory:

Hand Weapons
 a - a +0 long sword (weapon)
Armour
 b - a +0 leather armour (worn)
 c - a +0 helmet (worn)
 k - a cursed +0 pair of boots (worn)
 p - a +0 robe
Jewellery
 n - a +3 ring of dexterity {unknown}
Wands
 o - a wand of flame (19)
Scrolls
 e - 2 scrolls of remove curse {unknown}
 g - 2 scrolls of teleportation {unknown}
 i - 2 scrolls of enchant weapon {unknown}
 q - 2 scrolls of enchant armour {unknown}
Potions
 j - a potion of might {unknown}
 m - a potion of curing {unknown}
Comestibles
 f - 6 rations


   Skills:
 + Level 3.2 Fighting
 * Level 4.3 Long Blades
 - Level 1.7 Throwing
 + Level 3.5 Dodging


You had 4 spell levels left.
You didn't know any spells.
Your spell library contained the following spells:

 Spells                   Type           Power        Failure   Level  Hunger
 Magic Dart               Conj           #...         43%         1    ##.....
 Blink                    Tloc           N/A          58%         2    ###....
 Call Imp                 Summ           #.......     58%         2    ###....
 Slow                     Hex            #.......     58%         2    ###....
 Conjure Flame            Conj/Fire      #.......     82%         3    ####...
 Mephitic Cloud           Conj/Pois/Air  #.......     82%         3    ####...


Dungeon Overview and Level Annotations

Branches:
Dungeon (3/15)

Altars:
Ashenzari

Annotations:
D:3 Grinder


Innate Abilities, Weirdness & Mutations

You are surrounded by a mild repulsion field. (EV +2)


Message History

You hit Grinder but do no damage.
Grinder is heavily wounded.
Grinder closely misses you.
You closely miss Grinder.
Grinder is heavily wounded.
Grinder hits you.
You writhe in agony.
You slash Grinder!
Grinder is severely wounded.
Grinder hits you.
You writhe in agony.
You hit Grinder.
Grinder is severely wounded.
Grinder hits you!
* * * LOW HITPOINT WARNING * * *
You writhe in agony.
* * * LOW HITPOINT WARNING * * *
Grinder misses you.
It was a potion of cancellation.
You feel magically purged. Grinder gestures at you.
Pain shoots through your body!
You die...

#.. #.# ####.###
#####......##
#...#.##....#
#######........#..##
#.....#...#.##.#....
######.###.......##.#.###
#........#..#.##......#
#.####.#@..(.>##.##.###
###.# #.5...(####.##>##
#...# ######.##.......#
#.### #####..........#
#.# #.....##<#####(# ##
#.# #.....##.# #.# #. #.#
#........# #..... #.#
#....(##.# #.###. ##.###
#......# # #.# ## ##....#
#.###### ..#


You could see Grinder.

Vanquished Creatures
  A crimson imp (D:2)
  Jessica (D:3)
  3 adders
  2 oozes (D:2)
  2 worms (D:2)
  4 dart slugs
  2 leopard geckos
  An orc (D:3)
  5 giant cockroaches
  7 goblins
  4 hobgoblins (D:2)
  2 quokkas (D:3)
  13 bats
  A frilled lizard (D:1)
  4 kobolds
  8 rats
60 creatures vanquished.

Notes
Turn   | Place    | Note
-------+----------+-------------------------------------------
     0 | D:1      | Voker57 the Demonspawn Gladiator began the quest for the
                  | Orb.
     0 | D:1      | Reached XP level 1. HP: 16/16 MP: 1/1
   120 | D:1      | Reached skill level 3 in Long Blades
   120 | D:1      | Gained mutation: You are surrounded by a mild repulsion
                  | field. (EV +2) [demonic ancestry]
   120 | D:1      | Reached XP level 2. HP: 14/22 MP: 2/2
   571 | D:1      | Reached XP level 3. HP: 25/28 MP: 3/3
  1077 | D:2      | Reached XP level 4. HP: 25/34 MP: 4/4
  1351 | D:2      | Reached skill level 4 in Long Blades
  1530 | D:3      | Noticed Jessica
  1537 | D:3      | Killed Jessica
  1537 | D:3      | Reached XP level 5. HP: 31/41 MP: 5/5
  1680 | D:3      | Found a shattered altar of Ashenzari.
  1753 | D:3      | Noticed Grinder
  1757 | D:3      | Paralysed by Grinder for 5 turns
  1764 | D:3      | Paralysed by Grinder for 2 turns
  1770 | D:3      | Paralysed by Grinder for 2 turns
  1803 | D:3      | Killed from afar by Grinder

Vault maps used:
D:1:      lightli_arrival_quake
D:3:      nicolae_ashenzari_panopticon, uniq_ijyb, uniq_terence, uniq_jessica,
          uniq_grinder

Skill      XL: |  1  2  3  4 |
---------------+-------------+-----
Long Blades    | 3 4 |  4.3
Dodging        | 3 |  3.5
Fighting       | 3 |  3.2
Throwing       | |  1.7

Action                   |  1- 3 |  4- 6 || total
-------------------------+-------+-------++-------
Melee: Long sword        |    98 |    89 ||   187
Throw: Throwing net      |       |     7 ||     7
Evoke: Wand              |       |     7 ||     7
  Use: Potion            |       |     1 ||     1
 Stab: Held in net/web   |       |     1 ||     1
  Eat: Chunk             |     1 |     2 ||     3
Armor: Leather armour    |    32 |    17 ||    49
Dodge: Dodged            |    98 |    73 ||   171
       Rpst.: Long sword |    37 |    22 ||    59

Table legend:
 A = Non-vault XP
 B = Vault XP
 C = Vault XP percentage of total XP
 D = Non-vault monster count
 E = Vault monster count
 F = Vault count percentage of total count
                 A         B        C        D         E       F
            +---------+---------+-------+---------+---------+-------
      Total |     205 |      37 |  15.3 |      59 |       1 |   1.7
            +---------+---------+-------+---------+---------+-------
        D:1 |      44 |       0 |   0.0 |      25 |       0 |   0.0
        D:2 |     132 |       0 |   0.0 |      26 |       0 |   0.0
        D:3 |      29 |      37 |  56.1 |       8 |       1 |  11.1
            +---------+---------+-------+---------+---------+-------
